 Dungeon Crawl Stone Soup version 0.32-a0-859-gb0a091d592 (webtiles) character file.

Game seed: 10538818625972140844

5 gimp the Cudgeller (level 1, 0/18 HPs)
             Began as a Mountain Dwarf Warper on Mar 27, 2024.
             Constricted to death by a ball python (2 damage)
             ... on level 1 of the Dungeon.
             The game lasted 00:00:35 (158 turns).

gimp the Cudgeller (Mountain Dwarf Warper)           Turns: 158, Time: 00:00:36

Health: 0/18       AC:  3    Str: 13    XL:     1   Next: 66%
Magic:  3/3        EV:  0    Int: 13    God:
Gold:   32         SH:  0    Dex:  9    Spells: 3/3 levels left

rFire   . . .        a - +0 mace
rCold   . . .        (no shield)
rNeg    . . .        b - +0 leather armour
rPois   .            (no helmet)
rElec   .            (no cloak)
rCorr   .            (no gloves)
SInv    .            (no boots)
Will    .....        (no amulet)
Stlth   +            (no ring)
HPRegen 0.23/turn    (no ring)
MPRegen 0.08/turn

%: no passive effects
@: constricted
A: runic magic, artefact enchanting
a: no special abilities


You were on level 1 of the Dungeon.
You visited 1 branch of the dungeon, and saw 1 of its levels.

You collected 32 gold pieces.

Inventory:

Hand Weapons
 a - a +0 mace (weapon)
Missiles
 d - 7 darts of dispersal
Armour
 b - a +0 leather armour (worn)
Scrolls
 c - a scroll of blinking
Potions
 e - 2 potions of enlightenment {unknown}


   Skills:
 + Level 2.4 Fighting
 * Level 2.9 Maces & Flails
 - Level 0.7 Throwing
 - Level 1.1 Armour
 - Level 1.3 Dodging
 - Level 1.7 Spellcasting
 - Level 2.4 Translocations


You had 3 spell levels left.
You didn't know any spells.
Your spell library contained the following spells:

 Spells                   Type           Power      Damage    Failure   Level
 Blink                    Tloc           14%        N/A       16%         2
 Lesser Beckoning         Tloc           14%        N/A       16%         2
 Teleport Other           Tloc           7%         N/A       30%         3
 Vhi's Electric Charge    Tloc/Air       8%         N/A       86%         4
 Maxwell's Portable Pile  Tloc           Unusable   2d(6-12)  N/A         4

Dungeon Overview and Level Annotations

Branches:
Dungeon (1/15)

Altars:


Innate Abilities, Weirdness & Mutations

Your spellcasting is much less encumbered by armour.
You can use scrolls of enchantment on lesser artefacts.


Message History

You hit the giant cockroach.
You kill the giant cockroach!
Health restored: 18 No target in view!
No target in view!
You now have 32 gold pieces (gained 8).
You open the door.
There is an open door here.
A bat comes into view.
The bat barely misses you.
A bat is nearby!
You hit the bat.
The bat is heavily wounded.
The bat completely misses you.
You barely miss the bat.
The bat is heavily wounded.
The bat misses you.
No target in range!
No target in range!
The bat barely misses you.
You closely miss the bat. The bat barely misses you.
No target in range!
The bat barely misses you.
You barely miss the bat. The bat hits you.
You take 1 damage, and have 17/18 hp.
No target in range!
No target in range!
The bat hits you but does no damage.
You miss the bat. The bat hits you but does no damage.
The bat barely misses you.
Health restored: 18 You closely miss the bat.
The bat closely misses you.
No target in range!
The bat closely misses you.
You miss the bat. The bat hits you but does no damage. The bat hits you.
The bat hits you but does no damage.
You take 1 damage, and have 17/18 hp.
You hit the bat but do no damage. The bat barely misses you.
Health restored: 18 No target in range!
There is an open door here.
You closely miss the bat. The bat barely misses you. The bat hits you. x2
You take 2 damage, and have 16/18 hp.
You completely miss the bat. The bat hits you but does no damage.
The bat hits you. The bat hits you but does no damage.
You take 1 damage, and have 15/18 hp.
You barely miss the bat. The bat closely misses you. The bat hits you.
You barely miss the bat. The bat hits you but does no damage.
You sock the bat!
You kill the bat!
No target in view!
A ball python comes into view.
The ball python hisses angrily.
You regained 2 hp, and now have 17/18 hp.
You hit the ball python but do no damage.
The ball python bites you but does no damage.
The ball python closely misses you.
You hit the ball python.
The ball python is heavily wounded.
The ball python bites you. The ball python misses you.
The ball python bites you but does no damage.
The ball python closely misses you.
You take 1 damage, and have 16/18 hp.
You hit the ball python but do no damage.
The ball python is heavily wounded.
The ball python closely misses you. The ball python barely misses you.
You barely miss the ball python.
The ball python is heavily wounded.
The ball python bites you but does no damage.
The ball python grabs you. The ball python constricts you.
You take 2 damage, and have 14/18 hp.
You closely miss the ball python.
The ball python is heavily wounded.
The ball python bites you. The ball python constricts you.
The ball python bites you. The ball python constricts you.
You take 5 damage, and have 9/18 hp.
MASSIVE DAMAGE!!
You are too injured to fight recklessly!
You are too injured to fight recklessly!
You are too injured to fight recklessly!
You are too injured to fight recklessly!
You closely miss the ball python.
The ball python is heavily wounded.
The ball python bites you. The ball python constricts you.
You take 3 damage, and have 6/18 hp.
You closely miss the ball python.
The ball python is heavily wounded.
The ball python bites you but does no damage.
The ball python constricts you.
* * * LOW HITPOINT WARNING * * *
The ball python bites you but does no damage.
The ball python constricts you.
* * * LOW HITPOINT WARNING * * *
You take 2 damage, and have 4/18 hp.
You closely miss the ball python.
The ball python is heavily wounded.
The ball python bites you.
* * * LOW HITPOINT WARNING * * *
The ball python constricts you.
You die...

######### ........#
........# #######
........#######.....#
........'...........+
........#######.....####
######### #.@.......
######## #..S......
.......##### #.........
####[......########.....
....###......## .....
.......###....# ....
####......#...## ...
###.....#...# ...
##....#†..#


You could see a ball python.

Vanquished Creatures
  2 giant cockroaches (D:1)
  2 bats (D:1)
  A rat (D:1)
5 creatures vanquished.

Notes
Turn   | Place    | Note
-------+----------+-------------------------------------------
     0 | D:1      | gimp the Mountain Dwarf Warper began the quest for the Orb.
     0 | D:1      | Reached XP level 1. HP: 17/17 MP: 3/3
   158 | D:1      | Constricted to death by a ball python

Illustrated notes

Levels and vault maps discovered:
D:1:      dpeg_arrival_oval, layout_basic

Action                     || total
---------------------------++-------
  Melee: Mace              ||    41
 Armour: Leather armour    ||    44
  Dodge: Dodged            ||    30

Table legend: (Time is in decaauts)
 A = Elapsed time spent in this place.
 B = Non-inter-level travel time spent in this place.
 C = Inter-level travel time spent in this place.
 D = Time resting spent in this place.
 E = Time spent auto-exploring this place.
 F = Levels seen in this place.
 G = Mean time per level.
                   A        B        C        D        E       F      G
               +--------+--------+--------+--------+--------+-----+--------+
         Total |    168 |    168 |      0 |      0 |     87 |   1 |  168.0 |
       Dungeon |    168 |    168 |      0 |      0 |     87 |   1 |  168.0 |
               +--------+--------+--------+--------+--------+-----+--------+

Top non-repeatable levels by time:
     D:1: 168 daAuts
